 Dungeon Crawl Stone Soup version 0.18-a0-116-g2d311b1 (webtiles) character file.

57 Proton the Covered (level 3, 0/33 HPs)
             Began as a Deep Dwarf Fighter on Nov 16, 2015.
             Slain by an orc priest
             ... wielding a +0 short sword
              (4 damage)
             ... on level 3 of the Dungeon.
             The game lasted 00:03:47 (1100 turns).

Proton the Covered (Deep Dwarf Fighter)             Turns: 1100, Time: 00:03:47

Health: 0/33       AC:  8    Str: 20    XL:     3   Next: 73%
Magic:  3/3        EV: 10    Int:  8    God:
Gold:   137        SH:  0    Dex: 12    Spells: 0 memorised, 2 levels left

rFire  . . .     SeeInvis .     r - +2 dagger (vamp)
rCold  . . .     Clarity  .     b - +0 scale mail
rNeg   . . .     SustAt   .     (no shield)
rPois  .         Gourm    .     (no helmet)
rElec  .         Spirit   .     (no cloak)
rCorr  .         Warding  .     q - +0 pair of gloves
rMut   .         Stasis   .     (no boots)
MR     .....                    (no amulet)
Stlth  ..........               (no ring)
                                (no ring)

@: non-regenerating, not resistant to hostile enchantments, extremely unstealthy
A: damage resistance, recharge devices, sense surroundings 1, slow regeneration
3
a: Device Recharging


You were on level 3 of the Dungeon.
You were not hungry.

You visited 1 branch of the dungeon, and saw 3 of its levels.

You collected 137 gold pieces.

Inventory:

Hand Weapons
 a - a +0 war axe
 r - a +2 vampiric dagger (weapon)
Armour
 b - a +0 scale mail (worn)
 q - a +0 pair of gloves (worn)
Jewellery
 c - an uncursed ring of magical power {unknown}
Wands
 e - a wand of heal wounds (5)
Scrolls
 g - a scroll of random uselessness {unknown}
 h - 2 scrolls of immolation {unknown}
 i - 2 scrolls of remove curse {unknown}
 o - 4 scrolls of identify {unknown}
 s - 2 scrolls of enchant weapon {unknown}
 u - a scroll of fog {unknown}
Potions
 d - a potion of might
 l - a potion of heal wounds {unknown}
 m - a potion of flight {unknown}
 n - a potion of magic {unknown}
 p - a potion of haste {unknown}
 t - a potion of curing {unknown}
 w - a potion of poison {unknown}
Comestibles
 f - 3 bread rations
 j - a slice of pizza
 k - a beef jerky
 v - 2 fruits


   Skills:
 + Level 2.8 Fighting
 + Level 3.5 Axes
 + Level 4.0 Armour
 + Level 1.0 Dodging
   Level 3.2 Shields


You had 2 spell levels left.
You didn't know any spells.

Dungeon Overview and Level Annotations

Branches:
Dungeon (3/15)

Altars:
Trog


Innate Abilities, Weirdness & Mutations

You are resistant to damage.
You can recharge devices by infusing magical energy.
You passively map a small area around you.
You do not regenerate naturally.


Message History

The orc priest is moderately wounded.
The goblin shouts!
The orc priest hits you with a short sword.
You hit the orc priest.
You feel better.
The orc priest is heavily wounded.
You closely miss the orc priest.
The orc priest is heavily wounded.
The orc priest hits you but does no damage.
You hit the orc priest.
The orc priest is severely wounded.
The orc priest calls down the wrath of Beogh upon you.
Something smites you!
* * * LOW HITPOINT WARNING * * *
The orc priest completely misses you.
You hit the orc priest but do no damage.
The orc priest is severely wounded.
You closely miss the orc priest.
The orc priest is severely wounded.
The orc priest hits you with a short sword.
You die... * ..## * , , ... , , ,, .og * * , ,* oo# ** , ,, #oo

,,, #o# * , ,, *
#o# ** #@# , ,,
* #.### ## ,
#...## .# *
###..###.### *
####.......# ,
#...>...##.# ,
#........#.# *
#......#.#.## *
#...........####


You could see 2 orc priests, 5 orcs and a goblin.

Vanquished Creatures
  An adder (D:2)
  2 oozes
  A worm (D:2)
  5 bats
  A giant cockroach (D:2)
  5 goblins
  4 hobgoblins (D:1)
  4 kobolds
  2 ball pythons (D:1)
  2 giant newts (D:2)
  11 rats
38 creatures vanquished.

Notes
Turn   | Place    | Note
--------------------------------------------------------------
     0 | D:1      | Proton the Deep Dwarf Fighter began the quest for the Orb.
     0 | D:1      | Reached XP level 1. HP: 20/20 MP: 1/1
    96 | D:1      | Reached XP level 2. HP: 24/27 MP: 2/2
   508 | D:2      | Reached XP level 3. HP: 33/33 MP: 3/3
   746 | D:2      | Noticed a moth of wrath
   749 | D:2      | Found a bloodstained altar of Trog.
   838 | D:2      | Reached skill level 1 in Dodging
  1071 | D:3      | Reached skill level 4 in Armour
  1100 | D:3      | Slain by an orc priest

Vault maps used:
D:1:      dpeg_arrival_pits
D:2:      tgw_trog, first_bread
D:3:      nicolae_overflow_hidden_temple, uniq_terence, uniq_grinder

Action                   || total
-------------------------++-------
Melee: War axe           ||    49
       Dagger            ||    84
  Eat: Meat ration       ||     1
